 Dungeon Crawl Stone Soup version 0.30.0-5-g1a98f26d00 (webtiles) character file.

Game seed: 11113774117411595399

2029 jimonade the Cutter (level 9, -6/59 (68) HPs)
             Began as a Demonspawn Monk on May 9, 2023.
             Killed from afar by Maggie (26 damage)
             ... with a bolt of fire
             ... on level 7 of the Dungeon.
             The game lasted 00:10:32 (6015 turns).

jimonade the Cutter (Demonspawn Monk)               Turns: 6015, Time: 00:10:33

HP:   -6/59 (68)    AC: 12    Str: 11    XL:     9   Next: 3%
MP:   9/9           EV: 12    Int: 12    God:
Gold: 435           SH:  0    Dex: 20    Spells: 8/8 levels left

rFire   . . .        a - +1 dagger (venom)
rCold   . . .        d - orb {light}
rNeg    . . .        m - +0 chain mail
rPois   .            F - +0 helmet
rElec   .            (no cloak)
rCorr   .            (no gloves)
SInv    .            o - +0 pair of boots
Will    .....        (no amulet) Stlth
                     r - +5 ring of evasion
HPRegen 0.29/turn    (no ring)
MPRegen 0.11/turn

%: no passive effects
@: mesmerised, glowing, heavily drained
A: hooves 1, icemail 1, condensation shield, demonic magic 2
a: no special abilities


You were on level 7 of the Dungeon.
You visited 2 branches of the dungeon, and saw 8 of its levels.

You collected 435 gold pieces.

Inventory:

Hand Weapons
 a - a +1 dagger of venom (weapon)
 b - a +0 scimitar
 h - a +0 spear
 l - a +0 rapier
 s - a +3 sling
 u - a +1 dagger of freezing
 J - a +1 heavy falchion
Missiles
 K - 4 poisoned darts (quivered)
Armour
 d - an orb of light (worn)
 m - a +0 chain mail (worn)
 o - a +0 pair of boots (worn)
 y - a +0 leather armour
 D - the +0 ring mail of Inyogika {rCorr}
   (You found it on level 5 of the Dungeon)

   rCorr:     It protects you from acid and corrosion.
 F - a +0 helmet (worn)
Jewellery
 r - a +5 ring of evasion (left hand)
 M - a ring of ice
Scrolls
 e - a scroll of blinking {unknown}
 g - a scroll of torment {unknown}
 n - a scroll of noise {unknown}
 p - 3 scrolls of identify {unknown}
 q - a scroll of fear {unknown}
 t - 2 scrolls of teleportation {unknown}
 x - 2 scrolls of fog {unknown}
 B - a scroll of amnesia {unknown}
 E - a scroll of immolation {unknown}
 I - a scroll of acquirement {unknown}
 L - a scroll of vulnerability {unknown}
Potions
 c - 2 potions of ambrosia
 f - 2 potions of resistance {unknown}
 i - 3 potions of brilliance {unknown}
 j - a potion of attraction {unknown}
 k - a potion of might {unknown}
 v - 2 potions of magic {unknown}
 w - 2 potions of curing {unknown}
 z - 3 potions of heal wounds {unknown}
 A - 2 potions of mutation {unknown}
 C - a potion of degeneration {unknown}
 G - a potion of cancellation {unknown}
 H - 2 potions of lignification {unknown}


   Skills:
 + Level 5.2 Fighting
 + Level 5.8(6.2) Short Blades
 + Level 2.8(4.7) Long Blades
 + Level 3.2 Polearms
 + Level 5.3 Armour
 + Level 4.2 Dodging
 - Level 0.1 Stealth
 + Level 2.8 Shields


You had 8 spell levels left.
You didn't know any spells.
Your spell library contained the following spells:

 Spells                   Type           Power      Damage    Failure   Level
 Apportation              Tloc           0%         N/A       100%        1
 Beastly Appendage        Tmut           0%         N/A       100%        1
 Necrotise                Necr           0%         1d4       100%        1
 Summon Small Mammal      Summ           0%         N/A       100%        1
 Lesser Beckoning         Tloc           0%         N/A       100%        2
 Wereblood                Tmut           0%         N/A       100%        2
 Call Canine Familiar     Summ           0%         N/A       100%        3
 Gell's Gravitas          Tloc           0%         N/A       100%        3
 Portal Projectile        Hex/Tloc       0%         N/A       100%        3
 Spider Form              Tmut/Pois      0%         N/A       100%        3
 Teleport Other           Tloc           0%         N/A       100%        3
 Vhi's Electric Charge    Tloc/Air       0%         N/A       100%        3
 Leda's Liquefaction      Hex/Erth       0%         N/A       100%        4
 Arcjolt                  Conj/Air       0%         1d10      100%        5
 Maxwell's Capacitive Co  Air            0%         ∞         100%        8


Dungeon Overview and Level Annotations

Branches:
Dungeon (7/15)             Temple (1/1) D:5

Altars:
Ashenzari
Cheibriados
Dithmenos
Fedhas
Gozag
Hepliaklqana
Kikubaaqudgha
Makhleb
Nemelex Xobeh
Qazlal
Ru
Sif Muna
Trog
Uskayaw
Vehumet
Wu Jian
Yredelemnul

Shops:
D:5 (

Annotations:
D:4 3 runed translucent doors, PerfectTommy's ghost, amateur MiFi
D:7 Maggie


Innate Abilities, Weirdness & Mutations

You have large cloven feet.
A meltable icy envelope protects you from harm. (AC +0)
A meltable shield of frost defends you. (SH +0)
Spells you cast may paralyse nearby enemies.


Message History

Maggie is lightly wounded.
You hit Maggie but do no damage.
Maggie looks as sick as possible!
Maggie is lightly wounded.
Maggie hits you with a +4 war axe of draining!
You feel drained.
You hit Maggie but do no damage.
Maggie is lightly wounded.
Maggie casts a spell.
Maggie attempts to bespell you!
You easily resist.
You hit Maggie but do no damage.
Maggie looks as sick as possible!
Maggie is lightly wounded.
You hit Maggie.
Maggie looks as sick as possible!
Maggie is moderately wounded.
Maggie gives herself a magical halo, but it quickly sputters out.
Maggie hits you but does no damage.
You feel drained.
You hit Maggie.
Maggie looks as sick as possible!
Maggie is moderately wounded.
Maggie hits you with a +4 war axe of draining!
You feel drained.
You hit Maggie.
Maggie is moderately wounded.
Maggie hits you but does no damage.
You feel drained.
You hit Maggie but do no damage.
Maggie is moderately wounded.
Maggie casts a spell.
Maggie attempts to bespell you!
You are mesmerised by Maggie!
You cannot move away from Maggie!
Unknown command.
Maggie hits you with a +4 war axe of draining!
You feel drained.
You hit Maggie but do no damage.
Maggie looks as sick as possible!
Maggie is heavily wounded.
Maggie mumbles some strange words.
Maggie draws you further into her thrall.
You hit Maggie but do no damage.
Maggie looks as sick as possible!
Maggie is heavily wounded.
Maggie casts a spell at you. The bolt of fire hits you!!
You die...

### # ..# #.
#####.##### #
#.##........[. .......
.... ..# ....#..
#.###.#
.....$o###.<##.#
......oo@@...#.##.###
.......####...........
....#.. #.......####
....... ..........# #
###.h####>......# #.h
........# #..
##.......# #..
...#..#.# ##..#..#.#


You could see Maggie (mesmerising, extremely poisoned), an orc warrior, an orc
wizard and an orc.

Vanquished Creatures
  A steam dragon (D:6)
  A water moccasin (D:7)
  2 black bears (D:6)
  An ice beast (D:6)
  An ogre (D:4)
  A centaur (D:5)
  2 necrophages (D:4)
  5 scorpions
  7 wights
  3 howler monkeys
  2 bullfrog zombies (D:4)
  A hound (D:4)
  A human zombie (D:4)
  A sleepcap (D:4)
  An iguana (D:6)
  2 orc wizards (D:6)
  2 mummies (D:4)
  7 adders
  2 shadow imps (D:5)
  2 white imps
  2 adder zombies (D:4)
  4 worms
  3 dart slugs
  8 orcs
  3 bats
  5 endoplasms
  4 giant cockroaches
  6 goblins
  7 hobgoblins
  7 jackals
  9 kobolds
  4 quokkas
  8 ball pythons
  2 frilled lizards (D:1)
  8 rats
125 creatures vanquished.

Notes
Turn   | Place    | Note
-------+----------+-------------------------------------------
     0 | D:1      | jimonade the Demonspawn Monk began the quest for the Orb.
     0 | D:1      | Reached XP level 1. HP: 18/18 MP: 1/1
   227 | D:1      | Gained mutation: A meltable shield of frost defends you.
                  | (SH +0) [demonic ancestry]
   227 | D:1      | Reached XP level 2. HP: 24/24 MP: 2/2
   780 | D:2      | Gained mutation: Spells you cast may paralyse adjacent
                  | enemies. [demonic ancestry]
   780 | D:2      | Reached XP level 3. HP: 29/29 MP: 3/3
  1098 | D:2      | Gained mutation: Spells you cast may paralyse nearby
                  | enemies. [demonic ancestry]
  1098 | D:2      | Reached XP level 4. HP: 34/37 MP: 4/4
  1718 | D:3      | Reached skill level 1 in Armour
  1745 | D:3      | Reached skill level 1 in Short Blades
  2434 | D:4      | Noticed PerfectTommy's ghost (amateur MiFi)
  2435 | D:4      | Noticed a black bear
  2453 | D:4      | Reached XP level 5. HP: 42/42 MP: 5/5
  2591 | D:4      | Found a runed translucent gate.
  2593 | D:4      | Found a runed translucent gate.
  2593 | D:4      | Found a runed translucent gate.
  2750 | D:4      | Noticed an ogre
  2761 | D:4      | Killed an ogre
  2762 | D:4      | Reached skill level 1 in Shields
  2762 | D:4      | Reached XP level 6. HP: 36/48 MP: 6/6
  3082 | D:4      | Gained mutation: You have large cloven feet. [demonic
                  | ancestry]
  3082 | D:4      | Reached XP level 7. HP: 32/51 MP: 7/7
  3699 | D:4      | Found an ancient bone altar of Kikubaaqudgha.
  3814 | D:5      | Entered Level 5 of the Dungeon
  3825 | D:5      | Found a staircase to the Ecumenical Temple.
  3825 | D:5      | Identified the +0 ring mail of Inyogika {rCorr}
  3840 | Temple   | Entered the Ecumenical Temple
  4052 | D:5      | Reached skill level 5 in Short Blades
  4067 | D:5      | Found a hazy altar of Hepliaklqana.
  4250 | D:5      | Found Tuwor's Weapon Shoppe.
  4471 | D:5      | Found a snail-covered altar of Cheibriados.
  4590 | D:6      | Reached XP level 8. HP: 52/61 MP: 8/8
  4692 | D:6      | Found a radiant altar of Vehumet.
  4771 | D:6      | Reached skill level 1 in Long Blades
  5275 | D:6      | Reached skill level 5 in Fighting
  5363 | D:6      | Reached skill level 5 in Armour
  5986 | D:7      | Noticed Maggie
  5994 | D:7      | Gained mutation: A meltable icy envelope protects you from
                  | harm. (AC +0) [demonic ancestry]
  5994 | D:7      | Reached XP level 9. HP: 68/68 MP: 9/9
  6015 | D:7      | Killed from afar by Maggie

Illustrated notes

Levels and vault maps discovered:
D:1:      ncdulo_halloftheorcs, layout_basic
D:2:      layout_loops_ring, mrwooster_statue_mirror, grunt_decor_clamped,
          kennysheep_generic_room_4
D:3:      layout_loops_ring
D:4:      layout_rooms, lemuel_mausoleum_altar_kikubaaqudgha,
          gammafunk_ghost_split, minivault_27
D:5:      layout_rooms, kennysheep_mini_moat, mainiacjoe_overflow_cross_hatched,
          minmay_temple_entry_trees, serial_shops,
          nicolae_shop_just_a_little_nook
D:6:      kennysheep_spiral_hall, layout_loops_ring, old_standard_altar,
          hangedman_abyss_or_decor_stagger
D:7:      layout_loops_ring, mainiacjoe_overflow_24_doors, uniq_maggie
Temple:   nicolae_temple_great_sept

Skill      XL: |  1  2  3  4  5  6  7  8 |
---------------+-------------------------+-----
Dodging        | 3 4 |  4.2
Polearms       | 3 |  3.2
Armour         | 1 2 3 5 |  5.3
Short Blades   | 1 3 4 5 |  5.8
Shields        | 1 2 |  2.8
Fighting       | 4 5 |  5.2
Long Blades    | 2 |  2.8
Stealth        | |  0.1

Action                     |  1- 3 |  4- 6 |  7- 9 || total
---------------------------+-------+-------+-------++-------
  Melee: Spear             |    20 |       |       ||    20
         Dagger            |    70 |   245 |   274 ||   589
         Scimitar          |       |       |    35 ||    35
 Armour: Robe              |     7 |       |       ||     7
         Chain mail        |    25 |    76 |   111 ||   212
  Dodge: Dodged            |    32 |    58 |   134 ||   224
  Block: Orb               |    15 |    34 |    44 ||    93
